 Dungeon Crawl Stone Soup version 0.18.1-48-g4cf74bf (webtiles) character file.

23 luca467 the Firebug (level 2, -1/21 HPs)
             Began as a Demonspawn Fire Elementalist on Sept 12, 2016.
             Slain by a hobgoblin
             ... wielding a +0 club
              (5 damage)
             ... on level 1 of the Dungeon.
             The game lasted 00:06:39 (1607 turns).

luca467 the Firebug (Demonspawn Fire Elementalist)  Turns: 1607, Time: 00:06:40

Health: -1/21      AC:  2    Str:  8    XL:     2   Next: 75%
Magic:  2/5        EV: 12    Int: 16    God:
Gold:   54         SH:  0    Dex: 13    Spells: 1 memorised, 4 levels left

rFire  . . .     SeeInvis .     (no weapon)
rCold  . . .     Gourm    .     a - +0 robe
rNeg   . . .     Faith    .     (no shield)
rPois  .         Spirit   .     (helmet restricted)
rElec  .         Dismiss  .     (no cloak)
rCorr  .         Reflect  .     (no gloves)
SustAt .         Harm     .     (no boots)
MR     .....                    (no amulet)
Stlth  ++........               (no ring)
                                (no ring)

@: very slightly contaminated, not resistant to hostile enchantments, unstealthy
A: antennae 1
a: no special abilities


You were on level 1 of the Dungeon.
You were not hungry.

You visited 1 branch of the dungeon, and saw 1 of its levels.

You collected 54 gold pieces.

Inventory:

Armour
 a - a +0 robe (worn)
Jewellery
 e - a +2 amulet of reflection {unknown}
 i - an uncursed amulet of faith {unknown}
Scrolls
 d - a scroll of random uselessness {unknown}
 h - a scroll of remove curse {unknown}
Books
 b - a book of Flames

   Spells                             Type                      Level
   a - Flame Tongue                   Conjuration/Fire             1
   b - Throw Flame                    Conjuration/Fire             2
   c - Conjure Flame                  Conjuration/Fire             3
   d - Inner Flame                    Hexes/Fire                   3
   e - Sticky Flame                   Conjuration/Fire             4
   f - Fireball                       Conjuration/Fire             5
Comestibles
 c - a bread ration
 f - a meat ration
 g - a beef jerky


   Skills:
 * Level 1.1 Fighting
 * Level 1.8 Dodging
 * Level 1.9 Stealth
 * Level 0.3 Unarmed Combat
 + Level 2.2 Spellcasting
 + Level 1.6 Conjurations
 + Level 2.6 Fire Magic


You had 4 spell levels left.
You knew the following spells:

 Your Spells              Type           Power        Failure   Level  Hunger
a - Flame Tongue          Conj/Fire      #....        10%         1    #......


Dungeon Overview and Level Annotations

Branches:
Dungeon (1/15)

Altars:


Innate Abilities, Weirdness & Mutations

You have a pair of small antennae on your head.


Message History

The bat hits you but does no damage. The bat hits you.
The hobgoblin barely misses you.
You closely miss the bat.
The bat is severely wounded.
The bat misses you. The bat closely misses you. x2
The hobgoblin hits you with a club.
You closely miss the bat.
The bat is severely wounded.
The bat barely misses you. x2
The kobold shouts!
You hit the bat.
You kill the bat!
The hobgoblin misses you. The hobgoblin hits you with a club.
The goblin shouts!
You hit the hobgoblin but do no damage.
The hobgoblin is lightly wounded.
The hobgoblin closely misses you. The hobgoblin hits you with a club.
* * * LOW HITPOINT WARNING * * *
The kobold hits you but does no damage. The hobgoblin hits you with a club.
You die...

#...........#.....#
####........#....##
#........#....###
#.................
#........#....####
#........#....#
#........#....#
####
#........#....#
#...
#...@.........#
#.##
#..ggK)..#.####
#.## ##...#####.#
#.## #...# # #.#.
#...# #.## #...#
###... #..g#####.#
#..... ##....g....
#..... #.......K.
#.....


You could see 2 hobgoblins, a goblin and a kobold.

Vanquished Creatures
  2 dart slugs (D:1)
  3 goblins (D:1)
  4 hobgoblins (D:1)
  5 bats (D:1)
  A kobold (D:1)
  4 rats (D:1)
19 creatures vanquished.

Notes
Turn   | Place    | Note
--------------------------------------------------------------
     0 | D:1      | luca467 the Demonspawn Fire Elementalist began the quest for the Orb.
     0 | D:1      | Reached XP level 1. HP: 13/13 MP: 3/3
   622 | D:1      | Gained mutation: You have a pair of small antennae on your head. [demonic ancestry]
   622 | D:1      | Reached XP level 2. HP: 11/20 MP: 5/5
   987 | D:1      | Noticed a crimson imp
  1081 | D:1      | Reached skill level 1 in Fighting
  1607 | D:1      | Slain by a hobgoblin

Skill      XL: |  1  2 |
---------------+-------+-----
Fighting       | 1 |  1.1
Dodging        | |  1.8
Stealth        | |  1.9
Unarmed Combat | |  0.3
Spellcasting   | |  2.2
Conjurations   | |  1.6
Fire Magic     | |  2.6

Action                   || total
-------------------------++-------
Melee: Unarmed           ||    86
 Cast: Flame Tongue      ||    17
 Stab: Sleeping          ||     2
  Eat: Chunk             ||     2
Armor: Robe              ||    38
Dodge: Dodged            ||    71
